cohdb
Replays
Latest Replays
All Replays
Popular Replays
Top Player Replays
Match Explorer
How It Works
Community
CoH3 Stats
Reddit
Sign in to upload your games and track your stats! →
Sign in with Steam
Match 42245103
Unlisted
Match 42245103
Overview
Messages
Build Orders
End
Panzergrenadier Squad
Selects Panzerjäger Kommand Battlegroup
Selects Mine Fields
250 Light Carrier
Panzerpioneer Squad
Panzergrenadier Squad
Selects GrB 39 Grenade Launcher Requisition
Construct Light Support Kompanie
MG34 Team
Fire Support Elements
Assault Mechanized Group
Pak 38 Anti-tank Gun Team
Selects Defensive Positions
Pak 38 Anti-tank Gun Team
Panzergrenadier Squad
Construct Mechanized Kompanie
le.IG 18 Mechanized Group
StuG III D Assault Gun
Spitzenverdiener
Spartan-034-Silvio
Godlike
Chris
Dahlian
Random_Target
just a chill world leader ♡
JohnstyPonst
0
0
Comments
sign in to comment!
No comments posted yet!